[ AOE2 MATCH · #460972308 ]
Team RMPoles vs Bulgarians
[ REPLAY ANALYSIS · EXTRACTED FROM THE RECORDED GAME ]
Feudal
12:52
Castle
16:44
Imperial
33:23
| APM avg | 26.8 |
| APM peak | 83 |
| eAPM avg | 23.2 |
| Villagers / military | 171 / 949 |
Focus
⚔️ 65.5% · 🌾 34.5%
Militia ×349 · Knight ×189 · Spearman ×139 · Skirmisher ×137 · Scout Cavalry ×112 · Trade Cart ×34
Feudal
14:44
Castle
20:54
Imperial
41:39
| APM avg | 28.9 |
| APM peak | 65 |
| eAPM avg | 21.9 |
| Villagers / military | 162 / 1349 |
Focus
⚔️ 46.3% · 🌾 53.7%
Skirmisher ×405 · Spearman ×349 · Konnik ×348 · Militia ×173 · Mangonel ×70 · Trade Cart ×35
Feudal
13:24
Castle
22:31
Imperial
30:15
| APM avg | 33.4 |
| APM peak | 119 |
| eAPM avg | 26.8 |
| Villagers / military | 112 / 562 |
Focus
⚔️ 31.0% · 🌾 69.0%
Scout Cavalry ×320 · Janissary ×150 · Knight ×75 · Bombard Cannon ×16 · Trade Cart ×15 · Monk ×1
Feudal
14:05
Castle
23:30
Imperial
39:10
| APM avg | 16.3 |
| APM peak | 37 |
| eAPM avg | 11.8 |
| Villagers / military | 85 / 664 |
Focus
⚔️ 45.0% · 🌾 55.0%
Spearman ×344 · Skirmisher ×215 · Hand Cannoneer ×85 · Trade Cart ×28 · Bombard Cannon ×20
Feudal
16:17
Castle
22:08
Imperial
38:49
| APM avg | 15.6 |
| APM peak | 50 |
| eAPM avg | 10.8 |
| Villagers / military | 111 / 484 |
Focus
⚔️ 33.3% · 🌾 66.7%
Skirmisher ×362 · Battle Elephant ×65 · Rattan Archer ×47 · Bombard Cannon ×10 · Trade Cart ×5
Feudal
12:43
Castle
17:15
Imperial
34:25
| APM avg | 12.0 |
| APM peak | 64 |
| eAPM avg | 9.7 |
| Villagers / military | 121 / 375 |
Focus
⚔️ 34.7% · 🌾 65.3%
Kamayuk ×294 · Unknown (2550) ×116 · Mangonel ×55 · Trade Cart ×40 · Petard ×26
Feudal
12:50
Castle
19:41
Imperial
38:04
| APM avg | 17.8 |
| APM peak | 123 |
| eAPM avg | 16.0 |
| Villagers / military | 143 / 802 |
Focus
⚔️ 29.3% · 🌾 70.7%
Spearman ×449 · Ballista Elephant ×322 · Trade Cart ×27 · Battle Elephant ×25 · Trebuchet (Packed) ×6
Feudal
12:13
Castle
19:45
Imperial
32:51
| APM avg | 13.1 |
| APM peak | 28 |
| eAPM avg | 10.8 |
| Villagers / military | 128 / 870 |
Focus
⚔️ 39.3% · 🌾 60.7%
Spearman ×605 · Scorpion ×228 · Mangonel ×28 · Battering Ram ×6 · Trebuchet (Packed) ×3
Match map
Resources at game start + every placement click. Thick line = wall · dashed box = detected house wall. 🟡 gold · ⚪ stone · 🟢 berries · 🔶 boar · ⭕ relic
Inputs per minute
— Patheris - - emerson005588
Build order — Patheris
First 150 of 1414 actions detected
| 0:04 | Build | House |
| 0:09 | Create | Villager (Male) |
| 0:09 | Create | Villager (Male) |
| 0:29 | Build | House |
| 0:42 | Create | Villager (Male) |
| 0:42 | Create | Villager (Male) |
| 1:31 | Build | Lumber Camp |
| 1:52 | Create | Villager (Male) |
| 2:12 | Create | Villager (Male) |
| 2:12 | Create | Villager (Male) |
| 2:47 | Create | Villager (Male) |
| 2:47 | Create | Villager (Male) |
| 3:10 | Create | Villager (Male) |
| 3:17 | Build | House |
| 3:22 | Create | Villager (Male) |
| 3:23 | Create | Villager (Male) |
| 3:58 | Create | Villager (Male) |
| 4:07 | Research | Loom |
| 4:31 | Create | Villager (Male) |
| 4:31 | Create | Villager (Male) |
| 4:41 | Build | Mill |
| 5:06 | Create | Villager (Male) |
| 5:06 | Create | Villager (Male) |
| 5:35 | Create | Villager (Male) |
| 6:04 | Create | Villager (Male) |
| 6:04 | Create | Villager (Male) |
| 6:26 | Build | House |
| 6:45 | Build | Lumber Camp |
| 6:49 | Create | Villager (Male) |
| 6:49 | Create | Villager (Male) |
| 7:18 | Create | Villager (Male) |
| 7:19 | Create | Villager (Male) |
| 7:39 | Create | Villager (Male) |
| 8:01 | Build | Mining Camp |
| 8:40 | Create | Villager (Male) |
| 8:40 | Create | Villager (Male) |
| 9:22 | Create | Villager (Male) |
| 10:01 | Build | Farm |
| 10:04 | Build | Farm |
| 10:09 | Build | Farm |
| 10:13 | Create | Villager (Male) |
| 10:30 | Research | Feudal Age |
| 10:33 | Build | Farm |
| 10:36 | Build | Farm |
| 10:40 | Build | Farm |
| 10:45 | Build | Farm |
| 10:54 | Create | Villager (Male) |
| 10:54 | Create | Villager (Male) |
| 10:58 | Build | Farm |
| 11:02 | Build | Farm |
| 11:06 | Build | Farm |
| 11:10 | Create | Villager (Male) |
| 11:27 | Build | House |
| 12:52 | Age | Feudal Age |
| 13:01 | Build | Market |
| 13:14 | Build | Blacksmith |
| 13:31 | Build | House |
| 13:59 | Build | Farm |
| 14:02 | Build | Farm |
| 14:04 | Research | Castle Age |
| 14:12 | Build | Farm |
| 14:19 | Build | Farm |
| 14:26 | Build | Farm |
| 14:33 | Build | Farm |
| 15:28 | Research | Double-Bit Axe |
| 15:31 | Research | Horse Collar |
| 15:44 | Create | Villager (Male) |
| 15:45 | Create | Villager (Male) |
| 16:44 | Age | Castle Age |
| 16:51 | Build | Town Center |
| 16:56 | Create | Villager (Male) |
| 16:56 | Create | Villager (Male) |
| 17:17 | Research | Wheelbarrow |
| 17:52 | Create | Villager (Male) |
| 18:05 | Create | Villager (Male) |
| 18:05 | Create | Villager (Male) |
| 18:10 | Create | Villager (Male) |
| 18:10 | Create | Villager (Male) |
| 18:13 | Create | Villager (Male) |
| 18:13 | Create | Villager (Male) |
| 18:27 | Research | Bow Saw |
| 18:53 | Build | House |
| 18:55 | Build | House |
| 19:07 | Build | Town Center |
| 19:12 | Create | Villager (Male) |
| 19:12 | Create | Villager (Male) |
| 19:24 | Create | Villager (Male) |
| 19:24 | Create | Villager (Male) |
| 19:24 | Create | Villager (Male) |
| 19:24 | Create | Villager (Male) |
| 19:31 | Create | Villager (Male) |
| 19:31 | Create | Villager (Male) |
| 19:31 | Create | Villager (Male) |
| 20:13 | Research | Bow Saw |
| 20:32 | Create | Villager (Male) |
| 20:32 | Create | Villager (Male) |
| 20:51 | Create | Villager (Male) |
| 20:55 | Build | Farm |
| 21:07 | Build | Farm |
| 21:24 | Create | Villager (Male) |
| 21:24 | Create | Villager (Male) |
| 21:24 | Create | Villager (Male) |
| 21:24 | Create | Villager (Male) |
| 21:24 | Create | Villager (Male) |
| 21:29 | Create | Villager (Male) |
| 21:29 | Create | Villager (Male) |
| 21:37 | Build | Farm |
| 21:38 | Build | Farm |
| 21:39 | Build | Farm |
| 21:53 | Create | Villager (Male) |
| 21:53 | Create | Villager (Male) |
| 21:53 | Create | Villager (Male) |
| 22:00 | Build | House |
| 22:01 | Build | House |
| 22:01 | Build | House |
| 22:03 | Build | House |
| 22:05 | Build | House |
| 22:05 | Build | House |
| 22:15 | Research | Wheelbarrow |
| 22:19 | Create | Villager (Male) |
| 22:20 | Create | Villager (Male) |
| 22:20 | Create | Villager (Male) |
| 22:20 | Create | Villager (Male) |
| 22:20 | Create | Villager (Male) |
| 22:24 | Create | Villager (Male) |
| 22:24 | Create | Villager (Male) |
| 22:41 | Build | Town Center |
| 22:49 | Build | Farm |
| 22:51 | Build | Farm |
| 22:55 | Build | Farm |
| 22:57 | Build | Farm |
| 23:03 | Create | Villager (Male) |
| 23:06 | Create | Villager (Male) |
| 23:07 | Create | Villager (Male) |
| 23:10 | Create | Villager (Male) |
| 23:31 | Create | Villager (Male) |
| 23:32 | Create | Villager (Male) |
| 23:32 | Create | Villager (Male) |
| 23:36 | Create | Villager (Male) |
| 23:36 | Create | Villager (Male) |
| 23:45 | Create | Villager (Male) |
| 23:46 | Create | Villager (Male) |
| 23:57 | Build | Farm |
| 23:59 | Build | Farm |
| 24:05 | Research | Hand Cart |
| 24:07 | Create | Villager (Male) |
| 24:22 | Build | Mining Camp |
| 24:34 | Create | Villager (Male) |
| 24:34 | Create | Villager (Male) |
| 24:36 | Create | Villager (Male) |
Build order — emerson005588
First 150 of 728 actions detected
| 0:01 | Create | Villager (Male) |
| 0:02 | Create | Villager (Male) |
| 0:02 | Create | Villager (Male) |
| 0:02 | Create | Villager (Male) |
| 0:02 | Create | Villager (Male) |
| 1:04 | Build | Palisade Wall |
| 1:17 | Build | House |
| 1:21 | Build | House |
| 2:45 | Research | Loom |
| 3:12 | Create | Villager (Male) |
| 3:13 | Create | Villager (Male) |
| 5:12 | Build | House |
| 5:17 | Create | Villager (Male) |
| 5:17 | Create | Villager (Male) |
| 5:18 | Create | Villager (Male) |
| 5:32 | Create | Villager (Male) |
| 5:32 | Create | Villager (Male) |
| 5:56 | Build | House |
| 6:05 | Create | Villager (Male) |
| 6:29 | Create | Villager (Male) |
| 7:05 | Create | Villager (Male) |
| 7:05 | Create | Villager (Male) |
| 7:21 | Build | Lumber Camp |
| 7:53 | Create | Villager (Male) |
| 7:54 | Create | Villager (Male) |
| 8:15 | Create | Villager (Male) |
| 8:48 | Build | Mill |
| 8:55 | Create | Villager (Male) |
| 9:53 | Create | Villager (Male) |
| 9:53 | Create | Villager (Male) |
| 9:54 | Create | Villager (Male) |
| 9:54 | Create | Villager (Male) |
| 10:24 | Create | Villager (Male) |
| 10:57 | Build | House |
| 11:01 | Build | House |
| 11:38 | Create | Villager (Male) |
| 11:46 | Build | Mining Camp |
| 12:34 | Research | Feudal Age |
| 13:44 | Build | House |
| 13:45 | Build | House |
| 13:55 | Create | Villager (Male) |
| 13:55 | Create | Villager (Male) |
| 14:40 | Build | Mill |
| 14:44 | Age | Feudal Age |
| 15:12 | Build | Market |
| 15:17 | Build | Blacksmith |
| 15:27 | Build | Farm |
| 15:32 | Build | Farm |
| 15:36 | Build | Farm |
| 15:39 | Build | Farm |
| 15:55 | Research | Double-Bit Axe |
| 16:25 | Build | Mining Camp |
| 16:42 | Build | Stone Wall |
| 16:47 | Build | Stone Wall |
| 16:52 | Create | Villager (Male) |
| 16:53 | Create | Villager (Male) |
| 17:37 | Create | Villager (Male) |
| 18:11 | Build | Farm |
| 18:14 | Research | Castle Age |
| 18:23 | Research | Horse Collar |
| 18:58 | Build | Stone Wall |
| 19:31 | Build | Stone Wall |
| 19:46 | Build | Stone Wall |
| 19:52 | Build | Stone Wall |
| 19:59 | Create | Villager (Male) |
| 20:00 | Create | Villager (Male) |
| 20:12 | Create | Villager (Male) |
| 20:23 | Research | Stone Mining |
| 20:27 | Research | Wheelbarrow |
| 20:54 | Age | Castle Age |
| 21:00 | Build | Town Center |
| 21:27 | Build | Town Center |
| 22:04 | Build | Farm |
| 22:15 | Create | Villager (Male) |
| 22:15 | Create | Villager (Male) |
| 22:35 | Build | Monastery |
| 23:13 | Create | Monk |
| 23:17 | Create | Villager (Male) |
| 23:18 | Create | Villager (Male) |
| 23:21 | Create | Villager (Male) |
| 23:22 | Create | Villager (Male) |
| 23:22 | Create | Villager (Male) |
| 23:33 | Build | Farm |
| 23:37 | Create | Villager (Male) |
| 23:38 | Create | Villager (Male) |
| 23:43 | Build | Farm |
| 23:49 | Build | Farm |
| 23:51 | Build | Farm |
| 23:56 | Build | Farm |
| 24:12 | Create | Villager (Male) |
| 24:17 | Create | Monk |
| 24:19 | Create | Villager (Male) |
| 24:20 | Create | Villager (Male) |
| 24:25 | Build | Farm |
| 24:27 | Build | Farm |
| 24:34 | Build | Farm |
| 24:36 | Create | Villager (Male) |
| 24:36 | Create | Villager (Male) |
| 24:42 | Build | Farm |
| 24:57 | Build | Farm |
| 25:12 | Research | Heavy Plow |
| 25:25 | Create | Villager (Male) |
| 25:26 | Create | Villager (Male) |
| 25:30 | Build | Farm |
| 25:41 | Build | Farm |
| 25:43 | Create | Villager (Male) |
| 25:43 | Create | Villager (Male) |
| 25:43 | Create | Villager (Male) |
| 25:44 | Create | Villager (Male) |
| 25:44 | Create | Villager (Male) |
| 25:45 | Create | Villager (Male) |
| 25:51 | Build | House |
| 25:51 | Build | House |
| 26:05 | Create | Villager (Male) |
| 26:05 | Create | Villager (Male) |
| 26:11 | Build | Farm |
| 26:21 | Build | Farm |
| 26:31 | Research | Bow Saw |
| 26:44 | Create | Villager (Male) |
| 26:44 | Create | Villager (Male) |
| 26:44 | Create | Villager (Male) |
| 26:52 | Build | Farm |
| 27:05 | Create | Villager (Male) |
| 27:06 | Create | Villager (Male) |
| 27:06 | Create | Villager (Male) |
| 27:06 | Create | Villager (Male) |
| 27:06 | Create | Villager (Male) |
| 27:15 | Build | Farm |
| 27:25 | Create | Villager (Male) |
| 27:25 | Create | Villager (Male) |
| 27:26 | Create | Villager (Male) |
| 27:30 | Build | House |
| 27:31 | Build | House |
| 27:44 | Build | Krepost |
| 27:49 | Create | Villager (Male) |
| 27:49 | Create | Villager (Male) |
| 27:50 | Create | Villager (Male) |
| 27:50 | Create | Villager (Male) |
| 27:50 | Create | Villager (Male) |
| 28:11 | Build | Town Center |
| 28:15 | Build | Farm |
| 28:16 | Create | Villager (Male) |
| 28:16 | Create | Villager (Male) |
| 28:17 | Create | Villager (Male) |
| 28:30 | Create | Villager (Male) |
| 28:31 | Create | Villager (Male) |
| 28:31 | Create | Villager (Male) |
| 28:31 | Create | Villager (Male) |
| 28:31 | Create | Villager (Male) |
| 28:36 | Create | Monk |
Build order — vgsh121082
First 150 of 421 actions detected
| 0:03 | Create | Villager (Male) ×4 |
| 0:08 | Build | House |
| 0:09 | Build | House |
| 1:20 | Research | Loom |
| 1:20 | Research | Loom |
| 1:21 | Create | Villager (Male) |
| 1:21 | Create | Villager (Male) |
| 1:48 | Create | Villager (Male) |
| 2:17 | Create | Villager (Male) |
| 2:53 | Build | Palisade Wall |
| 3:05 | Create | Villager (Male) |
| 3:05 | Create | Villager (Male) |
| 3:20 | Create | Villager (Male) |
| 3:42 | Build | House |
| 4:02 | Build | House |
| 4:31 | Create | Villager (Male) |
| 4:31 | Create | Villager (Male) |
| 5:06 | Build | House |
| 5:14 | Create | Villager (Male) |
| 5:37 | Build | Lumber Camp |
| 5:45 | Create | Villager (Male) |
| 6:12 | Create | Villager (Male) |
| 6:32 | Create | Villager (Male) |
| 6:59 | Create | Villager (Male) |
| 7:08 | Build | Mill |
| 7:21 | Create | Villager (Male) |
| 7:35 | Create | Villager (Male) |
| 7:59 | Build | Mining Camp |
| 8:14 | Create | Villager (Male) |
| 8:39 | Create | Villager (Male) |
| 9:01 | Create | Villager (Male) |
| 9:12 | Build | Mining Camp |
| 9:22 | Create | Villager (Male) |
| 9:46 | Build | Lumber Camp |
| 9:58 | Create | Villager (Male) |
| 10:22 | Create | Villager (Male) |
| 10:49 | Create | Villager (Male) |
| 11:10 | Research | Feudal Age |
| 11:28 | Build | Mill |
| 11:38 | Build | House |
| 11:39 | Build | House |
| 11:40 | Build | House |
| 12:09 | Create | Villager (Male) |
| 12:09 | Create | Villager (Male) |
| 13:24 | Age | Feudal Age |
| 13:31 | Create | Villager (Male) |
| 14:04 | Build | Stone Wall |
| 14:10 | Build | Building 487 |
| 14:26 | Build | Stone Wall |
| 14:33 | Create | Villager (Male) |
| 14:46 | Build | Farm |
| 14:48 | Build | Farm |
| 14:50 | Build | Farm |
| 14:52 | Build | Farm |
| 14:55 | Build | Farm |
| 14:57 | Build | Farm |
| 14:59 | Build | Farm |
| 15:01 | Build | Farm |
| 15:05 | Create | Villager (Male) |
| 15:06 | Create | Villager (Male) |
| 15:06 | Create | Villager (Male) |
| 15:06 | Create | Villager (Male) |
| 15:29 | Build | Stone Wall |
| 15:35 | Build | Building 487 |
| 15:50 | Build | Stone Wall |
| 16:38 | Build | Market |
| 16:45 | Create | Villager (Male) |
| 16:46 | Create | Villager (Male) |
| 16:48 | Create | Villager (Male) |
| 16:58 | Build | Farm |
| 17:15 | Build | Lumber Camp |
| 17:31 | Build | Outpost |
| 17:54 | Build | Outpost |
| 18:11 | Create | Villager (Male) |
| 18:20 | Create | Villager (Male) |
| 18:47 | Build | Blacksmith |
| 18:56 | Create | Villager (Male) |
| 19:05 | Build | Farm |
| 19:06 | Build | Farm |
| 19:12 | Build | Farm |
| 19:14 | Build | Farm |
| 19:22 | Create | Villager (Male) |
| 19:41 | Build | Farm |
| 19:46 | Research | Castle Age |
| 20:28 | Build | Stone Wall |
| 20:33 | Build | Stone Wall |
| 20:38 | Build | Building 487 |
| 20:42 | Build | Building 487 |
| 20:45 | Build | Building 487 |
| 20:55 | Research | Double-Bit Axe |
| 21:01 | Research | Stone Mining |
| 21:04 | Research | Gold Mining |
| 21:11 | Build | House |
| 21:12 | Build | House |
| 21:13 | Build | House |
| 21:21 | Build | House |
| 21:57 | Build | Stone Wall |
| 22:06 | Build | Building 673 |
| 22:31 | Age | Castle Age |
| 22:42 | Create | Villager (Male) ×5 |
| 22:58 | Build | Town Center |
| 23:16 | Build | Town Center |
| 23:26 | Build | Farm |
| 23:27 | Build | Farm |
| 23:30 | Build | Farm |
| 23:31 | Build | Farm |
| 23:36 | Create | Villager (Male) |
| 23:51 | Build | University |
| 24:17 | Build | Mining Camp |
| 24:32 | Create | Villager (Male) |
| 25:03 | Build | Castle |
| 25:18 | Create | Villager (Male) |
| 25:24 | Research | Town Watch |
| 25:28 | Create | Villager (Male) |
| 25:38 | Build | Farm |
| 25:40 | Build | Farm |
| 25:53 | Build | Mill |
| 25:58 | Create | Villager (Male) |
| 26:03 | Research | Town Patrol |
| 26:12 | Build | Farm |
| 26:14 | Build | Farm |
| 26:16 | Build | Farm |
| 26:17 | Build | Farm |
| 26:19 | Build | Farm |
| 26:26 | Create | Villager (Male) |
| 26:39 | Create | Villager (Male) |
| 27:05 | Research | Imperial Age |
| 27:13 | Create | Villager (Male) |
| 27:25 | Create | Villager (Male) |
| 27:38 | Create | Villager (Male) |
| 27:39 | Create | Villager (Male) |
| 27:39 | Create | Villager (Male) |
| 27:45 | Create | Villager (Male) |
| 27:59 | Build | Mining Camp |
| 28:05 | Create | Villager (Male) |
| 28:05 | Create | Villager (Male) |
| 28:28 | Build | Farm |
| 28:46 | Build | Siege Workshop |
| 29:08 | Build | Monastery |
| 29:20 | Create | Villager (Male) ×5 |
| 29:26 | Research | Wheelbarrow |
| 29:35 | Build | Farm |
| 29:44 | Research | Bow Saw |
| 30:01 | Build | Mining Camp |
| 30:08 | Create | Villager (Male) ×5 |
| 30:15 | Age | Imperial Age |
| 30:25 | Create | Villager (Male) ×4 |
| 30:33 | Create | Monk |
| 30:45 | Build | Barracks |
| 31:07 | Build | Castle |
Build order — Emporio Ivankov
First 150 of 470 actions detected
| 0:04 | Research | Loom |
| 0:05 | Create | Villager (Male) |
| 0:05 | Create | Villager (Male) |
| 0:06 | Create | Villager (Male) |
| 0:06 | Create | Villager (Male) |
| 0:41 | Build | Palisade Wall |
| 1:03 | Build | Palisade Wall |
| 2:17 | Build | Palisade Wall |
| 2:55 | Build | House |
| 2:57 | Build | House |
| 2:58 | Build | House |
| 3:00 | Build | House |
| 4:16 | Create | Villager (Male) |
| 4:16 | Create | Villager (Male) |
| 4:52 | Create | Villager (Male) |
| 4:52 | Create | Villager (Male) |
| 5:21 | Create | Villager (Male) |
| 6:32 | Create | Villager (Male) |
| 6:32 | Create | Villager (Male) |
| 6:33 | Create | Villager (Male) |
| 7:55 | Create | Villager (Male) |
| 7:55 | Create | Villager (Male) |
| 7:56 | Create | Villager (Male) |
| 7:56 | Create | Villager (Male) |
| 7:56 | Create | Villager (Male) |
| 7:57 | Create | Villager (Male) |
| 7:57 | Create | Villager (Male) |
| 8:34 | Build | Lumber Camp |
| 9:14 | Create | Villager (Male) |
| 9:14 | Create | Villager (Male) |
| 9:15 | Create | Villager (Male) |
| 11:29 | Build | Mill |
| 11:55 | Research | Feudal Age |
| 12:28 | Build | Mill |
| 14:05 | Age | Feudal Age |
| 14:08 | Create | Villager (Male) |
| 14:09 | Create | Villager (Male) |
| 14:09 | Create | Villager (Male) |
| 14:10 | Create | Villager (Male) |
| 14:10 | Create | Villager (Male) |
| 14:12 | Create | Villager (Male) |
| 14:12 | Create | Villager (Male) |
| 14:12 | Create | Villager (Male) |
| 14:24 | Build | House |
| 14:27 | Build | House |
| 14:29 | Build | House |
| 14:44 | Build | Mining Camp |
| 15:29 | Create | Villager (Male) |
| 15:29 | Create | Villager (Male) |
| 16:03 | Build | Mining Camp |
| 17:33 | Build | Stone Wall |
| 17:45 | Create | Villager (Male) |
| 18:01 | Build | Blacksmith |
| 18:13 | Build | Market |
| 20:33 | Build | Stone Wall |
| 20:37 | Build | Building 487 |
| 20:41 | Build | Stone Wall |
| 20:50 | Research | Castle Age |
| 20:55 | Research | Double-Bit Axe |
| 21:28 | Research | Horse Collar |
| 23:30 | Age | Castle Age |
| 23:37 | Build | Town Center |
| 23:47 | Build | Town Center |
| 23:55 | Create | Villager (Male) |
| 23:55 | Create | Villager (Male) |
| 23:55 | Create | Villager (Male) |
| 23:55 | Create | Villager (Male) |
| 24:10 | Build | Barracks |
| 24:41 | Create | Villager (Male) |
| 24:42 | Create | Villager (Male) |
| 24:42 | Create | Villager (Male) |
| 24:42 | Create | Villager (Male) |
| 24:42 | Create | Villager (Male) |
| 24:43 | Create | Villager (Male) |
| 24:43 | Create | Villager (Male) |
| 24:58 | Build | House |
| 24:59 | Build | House |
| 25:00 | Build | House |
| 25:00 | Build | House |
| 25:12 | Build | Farm |
| 25:27 | Build | Barracks |
| 25:38 | Build | Farm |
| 25:39 | Build | Farm |
| 25:40 | Build | Farm |
| 25:40 | Build | Farm |
| 25:42 | Build | Farm |
| 25:43 | Build | Farm |
| 25:44 | Build | Farm |
| 25:45 | Build | Farm |
| 25:46 | Build | Farm |
| 25:48 | Build | Farm |
| 25:49 | Build | Farm |
| 25:50 | Build | Farm |
| 25:51 | Build | Farm |
| 25:52 | Build | Farm |
| 25:57 | Build | Farm |
| 26:00 | Create | Villager (Male) |
| 26:00 | Create | Villager (Male) |
| 26:01 | Create | Villager (Male) |
| 26:18 | Build | Siege Workshop |
| 26:39 | Build | Stone Wall |
| 26:47 | Build | Stone Wall |
| 26:49 | Build | Stone Wall |
| 26:55 | Create | Villager (Male) |
| 26:56 | Create | Villager (Male) |
| 26:59 | Create | Villager (Male) |
| 27:04 | Build | Farm |
| 27:05 | Build | Farm |
| 27:16 | Build | Siege Workshop |
| 27:24 | Build | House |
| 27:25 | Build | House |
| 27:26 | Build | House |
| 27:28 | Build | House |
| 27:39 | Create | Villager (Male) |
| 27:40 | Create | Villager (Male) |
| 27:40 | Create | Villager (Male) |
| 27:44 | Create | Villager (Male) |
| 27:48 | Build | Farm |
| 27:56 | Create | Villager (Male) |
| 28:04 | Create | Villager (Male) |
| 28:21 | Build | Siege Workshop |
| 28:31 | Create | Villager (Male) |
| 28:31 | Create | Villager (Male) |
| 28:33 | Create | Villager (Male) |
| 28:40 | Build | Farm |
| 28:45 | Build | Farm |
| 28:45 | Build | Farm |
| 28:51 | Create | Villager (Male) |
| 28:52 | Create | Villager (Male) |
| 29:15 | Build | Stone Wall |
| 29:19 | Build | Building 673 |
| 29:27 | Build | Stone Wall |
| 29:32 | Build | Stone Wall |
| 29:35 | Build | Stone Wall |
| 29:40 | Build | Stone Wall |
| 29:44 | Build | Building 490 |
| 29:48 | Build | Stone Wall |
| 30:00 | Build | Siege Workshop |
| 30:08 | Create | Villager (Male) |
| 30:09 | Create | Villager (Male) |
| 30:09 | Create | Villager (Male) |
| 30:09 | Create | Villager (Male) |
| 30:10 | Create | Villager (Male) |
| 30:10 | Create | Villager (Male) |
| 30:13 | Research | Wheelbarrow |
| 30:19 | Create | Spearman |
| 30:19 | Create | Spearman |
| 30:19 | Create | Spearman |
| 30:45 | Build | Archery Range |
| 30:46 | Build | Archery Range |
Build order — BellBoi
First 150 of 448 actions detected
| 0:05 | Build | House |
| 0:06 | Build | House |
| 0:09 | Create | Villager (Male) |
| 0:09 | Create | Villager (Male) |
| 0:09 | Create | Villager (Male) |
| 0:10 | Create | Villager (Male) |
| 0:10 | Create | Villager (Male) |
| 1:28 | Build | Palisade Wall |
| 1:39 | Research | Loom |
| 1:40 | Create | Villager (Male) |
| 1:40 | Create | Villager (Male) |
| 1:53 | Build | Palisade Wall |
| 2:38 | Create | Villager (Male) |
| 2:38 | Create | Villager (Male) |
| 3:00 | Build | Lumber Camp |
| 3:05 | Create | Villager (Male) |
| 3:05 | Create | Villager (Male) |
| 3:50 | Create | Villager (Male) |
| 3:50 | Create | Villager (Male) |
| 5:03 | Create | Villager (Male) |
| 5:04 | Create | Villager (Male) |
| 5:04 | Create | Villager (Male) |
| 5:58 | Create | Villager (Male) |
| 5:58 | Create | Villager (Male) |
| 5:58 | Create | Villager (Male) |
| 5:58 | Create | Villager (Male) |
| 6:26 | Build | Mill |
| 6:58 | Build | House |
| 7:17 | Build | House |
| 7:18 | Build | House |
| 8:08 | Create | Villager (Male) |
| 8:09 | Create | Villager (Male) |
| 8:51 | Create | Villager (Male) |
| 8:51 | Create | Villager (Male) |
| 9:38 | Create | Villager (Male) |
| 9:38 | Create | Villager (Male) |
| 10:39 | Create | Villager (Male) |
| 10:42 | Create | Villager (Male) |
| 10:43 | Create | Villager (Male) |
| 13:37 | Build | Palisade Wall |
| 14:07 | Research | Feudal Age |
| 14:12 | Build | Mining Camp |
| 15:37 | Build | Farm |
| 15:38 | Build | Farm |
| 15:38 | Build | Farm |
| 15:40 | Build | Farm |
| 16:17 | Age | Feudal Age |
| 16:32 | Create | Villager (Male) |
| 16:32 | Create | Villager (Male) |
| 16:33 | Create | Villager (Male) |
| 17:11 | Build | Farm |
| 17:37 | Build | Farm |
| 17:43 | Create | Villager (Male) |
| 17:57 | Build | Farm |
| 18:12 | Build | Market |
| 18:28 | Build | Blacksmith |
| 18:32 | Build | Farm |
| 19:28 | Research | Castle Age |
| 19:38 | Build | Mining Camp |
| 20:24 | Build | House |
| 20:25 | Build | House |
| 20:26 | Build | House |
| 21:26 | Build | Farm |
| 21:28 | Build | Farm |
| 21:50 | Build | Stone Wall |
| 22:05 | Build | Stone Wall |
| 22:08 | Age | Castle Age |
| 22:21 | Create | Villager (Male) |
| 22:21 | Create | Villager (Male) |
| 22:35 | Build | Town Center |
| 22:46 | Build | Town Center |
| 22:49 | Create | Villager (Male) |
| 22:49 | Create | Villager (Male) |
| 23:27 | Build | Lumber Camp |
| 23:29 | Research | Double-Bit Axe |
| 23:32 | Research | Horse Collar |
| 24:52 | Build | Farm |
| 24:54 | Build | Farm |
| 24:56 | Create | Villager (Male) |
| 24:56 | Create | Villager (Male) |
| 24:56 | Create | Villager (Male) |
| 24:58 | Create | Villager (Male) |
| 24:58 | Create | Villager (Male) |
| 24:59 | Create | Villager (Male) |
| 25:22 | Create | Villager (Male) |
| 25:22 | Create | Villager (Male) |
| 25:22 | Create | Villager (Male) |
| 25:40 | Build | Barracks |
| 25:43 | Research | Fletching |
| 26:03 | Build | Town Center |
| 26:25 | Build | House |
| 26:27 | Build | House |
| 26:29 | Build | House |
| 26:30 | Build | House |
| 26:32 | Build | House |
| 26:35 | Build | House |
| 26:37 | Build | House |
| 26:48 | Build | Archery Range |
| 26:50 | Build | Archery Range |
| 26:52 | Build | Archery Range |
| 26:55 | Build | Archery Range |
| 27:15 | Create | Villager (Male) |
| 27:15 | Create | Villager (Male) |
| 27:15 | Create | Villager (Male) |
| 27:17 | Create | Villager (Male) |
| 27:17 | Create | Villager (Male) |
| 27:18 | Create | Villager (Male) |
| 27:18 | Create | Villager (Male) |
| 27:19 | Create | Villager (Male) |
| 27:19 | Create | Villager (Male) |
| 27:28 | Create | Villager (Male) |
| 27:31 | Research | Bow Saw |
| 27:55 | Build | Farm |
| 27:59 | Build | Farm |
| 28:02 | Create | Villager (Male) |
| 28:04 | Create | Villager (Male) |
| 28:29 | Build | Farm |
| 28:31 | Build | Farm |
| 28:36 | Create | Villager (Male) |
| 28:36 | Create | Villager (Male) |
| 28:38 | Create | Villager (Male) |
| 28:53 | Create | Villager (Male) |
| 28:53 | Create | Villager (Male) |
| 28:54 | Create | Villager (Male) |
| 28:54 | Create | Villager (Male) |
| 28:54 | Create | Villager (Male) |
| 28:58 | Build | Farm |
| 29:05 | Build | Farm |
| 29:07 | Build | Farm |
| 29:09 | Build | Farm |
| 29:30 | Build | House |
| 29:31 | Build | House |
| 29:43 | Build | Farm |
| 29:45 | Build | Farm |
| 29:59 | Build | Stable |
| 30:01 | Build | Stable |
| 30:24 | Build | Castle |
| 30:30 | Research | Heavy Plow |
| 30:32 | Create | Villager (Male) |
| 30:33 | Create | Villager (Male) |
| 30:34 | Create | Villager (Male) |
| 30:35 | Create | Villager (Male) |
| 30:36 | Create | Villager (Male) |
| 30:36 | Create | Villager (Male) |
| 30:37 | Create | Villager (Male) |
| 30:37 | Create | Villager (Male) |
| 31:46 | Build | Stable |
| 31:47 | Build | Stable |
| 31:50 | Research | Scale Barding Armor |
| 31:50 | Research | Forging |
Build order — Bon Clay
First 150 of 307 actions detected
| 0:03 | Research | Loom |
| 0:04 | Create | Villager (Male) ×4 |
| 0:16 | Build | House |
| 0:33 | Build | Palisade Wall |
| 2:50 | Create | Villager (Male) ×2 |
| 3:14 | Build | Palisade Wall |
| 3:26 | Build | Settlement |
| 3:50 | Create | Villager (Male) |
| 3:50 | Create | Villager (Male) |
| 4:25 | Create | Villager (Male) |
| 5:12 | Create | Villager (Male) |
| 5:54 | Create | Villager (Male) |
| 6:15 | Create | Villager (Male) |
| 6:53 | Create | Villager (Male) |
| 7:24 | Create | Villager (Male) |
| 7:47 | Create | Villager (Male) |
| 7:55 | Build | Settlement |
| 8:14 | Create | Villager (Male) |
| 8:51 | Create | Villager (Male) |
| 9:11 | Create | Villager (Male) |
| 10:33 | Research | Feudal Age |
| 12:22 | Create | Villager (Male) |
| 12:22 | Create | Villager (Male) |
| 12:43 | Age | Feudal Age |
| 13:14 | Build | Market |
| 13:18 | Build | Blacksmith |
| 13:39 | Create | Villager (Male) |
| 14:05 | Create | Villager (Male) |
| 14:35 | Research | Castle Age |
| 15:00 | Build | Settlement |
| 16:45 | Create | Villager (Male) |
| 16:46 | Create | Villager (Male) |
| 17:15 | Age | Castle Age |
| 17:21 | Build | Town Center |
| 17:27 | Build | Town Center |
| 17:56 | Build | Farm |
| 18:14 | Create | Villager (Male) ×5 |
| 18:19 | Build | Farm |
| 18:45 | Build | Farm |
| 19:05 | Create | Villager (Male) ×5 |
| 19:11 | Build | Farm |
| 19:41 | Build | Stone Wall |
| 19:49 | Create | Villager (Male) ×3 |
| 20:01 | Build | Farm |
| 20:06 | Build | Farm |
| 20:10 | Create | Villager (Male) |
| 20:22 | Build | Farm |
| 20:27 | Build | Farm |
| 20:32 | Build | Farm |
| 20:35 | Create | Villager (Male) ×2 |
| 20:49 | Build | Farm |
| 20:53 | Create | Villager (Male) ×2 |
| 20:58 | Build | Farm |
| 21:04 | Build | Farm |
| 21:15 | Build | Farm |
| 21:24 | Create | Villager (Male) ×3 |
| 21:43 | Create | Villager (Male) ×2 |
| 21:55 | Build | Farm |
| 22:05 | Build | Farm |
| 22:15 | Create | Villager (Male) ×2 |
| 22:21 | Build | Farm |
| 22:27 | Build | Farm |
| 22:33 | Build | Farm |
| 22:37 | Create | Villager (Male) ×2 |
| 22:47 | Build | House |
| 22:48 | Build | House |
| 22:49 | Build | House |
| 22:51 | Build | House |
| 23:01 | Create | Villager (Male) ×2 |
| 23:14 | Build | Farm |
| 23:16 | Build | Farm |
| 23:20 | Create | Villager (Male) ×2 |
| 23:30 | Build | Stone Wall |
| 23:40 | Build | Settlement |
| 23:47 | Create | Villager (Male) ×3 |
| 24:02 | Build | Farm |
| 24:09 | Build | Farm |
| 24:16 | Build | Farm |
| 24:19 | Create | Villager (Male) ×4 |
| 24:27 | Build | Farm |
| 24:32 | Build | Farm |
| 24:39 | Build | Farm |
| 24:42 | Create | Villager (Male) ×3 |
| 24:48 | Build | House |
| 24:49 | Build | House |
| 24:51 | Build | House |
| 24:55 | Create | Villager (Male) |
| 25:01 | Build | Farm |
| 25:07 | Build | Farm |
| 25:13 | Build | Farm |
| 25:26 | Create | Villager (Male) ×5 |
| 25:26 | Create | Villager (Male) ×5 |
| 25:43 | Build | Farm |
| 25:49 | Build | Farm |
| 25:57 | Build | Farm |
| 26:02 | Create | Villager (Male) ×5 |
| 26:08 | Build | Farm |
| 26:16 | Build | Farm |
| 26:21 | Build | Farm |
| 26:45 | Build | Settlement |
| 26:51 | Create | Villager (Male) ×5 |
| 27:03 | Build | Barracks |
| 27:10 | Create | Villager (Male) ×5 |
| 27:48 | Build | Farm |
| 27:53 | Build | Farm |
| 28:07 | Build | Castle |
| 28:14 | Build | Settlement |
| 28:21 | Create | Villager (Male) ×5 |
| 28:37 | Create | Villager (Male) ×5 |
| 28:49 | Build | Farm |
| 29:01 | Build | Farm |
| 29:08 | Build | Farm |
| 29:16 | Build | Farm |
| 29:23 | Build | Farm |
| 29:30 | Build | Farm |
| 29:36 | Build | Farm |
| 29:42 | Build | Farm |
| 29:52 | Build | Archery Range |
| 30:00 | Create | Villager (Male) ×5 |
| 30:23 | Create | Villager (Male) ×5 |
| 30:37 | Build | Archery Range |
| 30:57 | Research | Imperial Age |
| 31:28 | Build | Settlement |
| 31:39 | Create | Villager (Male) ×5 |
| 31:45 | Create | Kamayuk ×5 |
| 32:00 | Build | Archery Range |
| 32:02 | Build | Archery Range |
| 32:29 | Build | Farm |
| 32:49 | Research | Wheelbarrow |
| 32:56 | Research | Horse Collar |
| 32:57 | Research | Double-Bit Axe |
| 32:58 | Research | Gold Mining |
| 33:00 | Research | Stone Mining |
| 33:18 | Create | Villager (Male) ×5 |
| 33:42 | Build | Barracks |
| 33:43 | Build | Barracks |
| 33:45 | Build | Barracks |
| 33:49 | Create | Kamayuk ×5 |
| 34:07 | Research | Padded Archer Armor |
| 34:07 | Research | Fletching |
| 34:08 | Research | Forging |
| 34:09 | Research | Scale Mail Armor |
| 34:25 | Age | Imperial Age |
| 34:32 | Build | Barracks |
| 34:34 | Build | Barracks |
| 34:45 | Research | Thumb Ring |
| 34:46 | Create | Petard |
| 34:50 | Build | Farm |
| 35:04 | Build | Settlement |
| 35:11 | Research | Bodkin Arrow |
Build order — Ryoga
First 150 of 597 actions detected
| 0:08 | Research | Loom |
| 0:08 | Create | Villager (Male) |
| 0:08 | Create | Villager (Male) |
| 0:08 | Create | Villager (Male) |
| 0:09 | Create | Villager (Male) |
| 0:11 | Build | House |
| 0:12 | Build | House |
| 0:16 | Build | House |
| 2:06 | Build | Palisade Wall |
| 2:11 | Build | Palisade Gate |
| 2:28 | Build | Palisade Wall |
| 2:36 | Build | Palisade Gate |
| 2:48 | Create | Villager (Male) |
| 2:49 | Create | Villager (Male) |
| 3:06 | Create | Villager (Male) |
| 3:07 | Create | Villager (Male) |
| 4:03 | Build | Palisade Wall |
| 4:55 | Create | Villager (Male) |
| 4:55 | Create | Villager (Male) |
| 4:55 | Create | Villager (Male) |
| 5:32 | Build | Mill |
| 5:41 | Create | Villager (Male) |
| 5:42 | Create | Villager (Male) |
| 6:34 | Create | Villager (Male) |
| 6:34 | Create | Villager (Male) |
| 6:56 | Create | Villager (Male) |
| 7:32 | Create | Villager (Male) |
| 7:55 | Create | Villager (Male) |
| 7:55 | Create | Villager (Male) |
| 7:55 | Create | Villager (Male) |
| 8:35 | Build | Mill |
| 8:48 | Create | Villager (Male) |
| 8:48 | Create | Villager (Male) |
| 8:49 | Create | Villager (Male) |
| 8:49 | Create | Villager (Male) |
| 9:14 | Build | House |
| 9:36 | Create | Villager (Male) |
| 9:37 | Create | Villager (Male) |
| 9:37 | Create | Villager (Male) |
| 10:21 | Research | Feudal Age |
| 11:17 | Create | Villager (Male) |
| 11:18 | Create | Villager (Male) |
| 11:18 | Create | Villager (Male) |
| 11:18 | Create | Villager (Male) |
| 11:34 | Build | House |
| 12:21 | Create | Villager (Male) |
| 12:22 | Create | Villager (Male) |
| 12:22 | Create | Villager (Male) |
| 12:22 | Create | Villager (Male) |
| 12:22 | Create | Villager (Male) |
| 12:50 | Age | Feudal Age |
| 13:03 | Build | Lumber Camp |
| 13:48 | Research | Double-Bit Axe |
| 14:42 | Build | Mining Camp |
| 15:38 | Build | Farm |
| 15:38 | Build | Farm |
| 15:38 | Build | Farm |
| 15:38 | Build | Farm |
| 15:42 | Build | Farm |
| 15:43 | Build | Farm |
| 15:52 | Build | Farm |
| 15:53 | Build | Farm |
| 15:53 | Build | Farm |
| 16:59 | Research | Castle Age |
| 17:14 | Research | Horse Collar |
| 17:21 | Research | Stone Mining |
| 17:49 | Build | House |
| 17:52 | Build | House |
| 18:53 | Build | House |
| 19:41 | Age | Castle Age |
| 19:54 | Build | Town Center |
| 20:01 | Research | Wheelbarrow |
| 20:11 | Build | Town Center |
| 21:11 | Build | Farm |
| 21:11 | Build | Farm |
| 21:12 | Build | Farm |
| 21:12 | Build | Farm |
| 21:29 | Create | Villager (Male) |
| 21:29 | Create | Villager (Male) |
| 21:40 | Create | Villager (Male) |
| 21:53 | Build | Farm |
| 21:54 | Build | Farm |
| 21:54 | Build | Farm |
| 21:54 | Build | Farm |
| 21:54 | Build | Farm |
| 21:55 | Build | Farm |
| 22:16 | Create | Villager (Male) |
| 22:35 | Create | Villager (Male) |
| 22:42 | Create | Villager (Male) |
| 22:49 | Build | Farm |
| 22:50 | Build | Farm |
| 22:50 | Build | Farm |
| 22:50 | Build | Farm |
| 22:57 | Create | Villager (Male) |
| 23:05 | Create | Villager (Male) |
| 23:28 | Build | Town Center |
| 23:41 | Create | Villager (Male) |
| 23:41 | Create | Villager (Male) |
| 23:41 | Create | Villager (Male) |
| 23:42 | Create | Villager (Male) |
| 23:42 | Create | Villager (Male) |
| 23:51 | Build | Farm |
| 23:52 | Build | Farm |
| 23:52 | Build | Farm |
| 23:52 | Build | Farm |
| 23:52 | Build | Farm |
| 23:53 | Build | Farm |
| 23:54 | Build | Farm |
| 24:04 | Research | Bow Saw |
| 24:21 | Research | Heavy Plow |
| 24:33 | Build | Town Center |
| 24:38 | Create | Villager (Male) |
| 24:38 | Create | Villager (Male) |
| 25:08 | Research | Hand Cart |
| 25:31 | Create | Villager (Male) |
| 25:31 | Create | Villager (Male) |
| 25:32 | Create | Villager (Male) |
| 25:32 | Create | Villager (Male) |
| 25:33 | Create | Villager (Male) |
| 25:39 | Create | Villager (Male) |
| 25:43 | Create | Villager (Male) |
| 25:57 | Create | Villager (Male) |
| 25:57 | Create | Villager (Male) |
| 26:00 | Create | Villager (Male) |
| 26:11 | Create | Villager (Male) |
| 26:11 | Create | Villager (Male) |
| 26:43 | Create | Villager (Male) |
| 26:44 | Create | Villager (Male) |
| 26:44 | Create | Villager (Male) |
| 26:44 | Create | Villager (Male) |
| 26:45 | Create | Villager (Male) |
| 26:46 | Create | Villager (Male) |
| 26:46 | Create | Villager (Male) |
| 26:46 | Create | Villager (Male) |
| 26:55 | Build | Town Center |
| 27:04 | Create | Villager (Male) |
| 27:04 | Create | Villager (Male) |
| 27:05 | Create | Villager (Male) |
| 27:05 | Create | Villager (Male) |
| 27:32 | Research | Stone Shaft Mining |
| 27:33 | Research | Gold Mining |
| 27:38 | Create | Villager (Male) |
| 27:39 | Create | Villager (Male) |
| 27:39 | Create | Villager (Male) |
| 27:40 | Create | Villager (Male) |
| 28:06 | Build | Town Center |
| 28:16 | Create | Villager (Male) |
| 28:16 | Create | Villager (Male) |
| 28:17 | Create | Villager (Male) |
| 28:17 | Create | Villager (Male) |
Build order — eduardolure
First 150 of 478 actions detected
| 0:08 | Build | House |
| 0:09 | Build | House |
| 0:11 | Create | Villager (Male) |
| 0:12 | Create | Villager (Male) |
| 0:12 | Create | Villager (Male) |
| 0:12 | Create | Villager (Male) |
| 0:13 | Create | Villager (Male) |
| 1:38 | Create | Villager (Male) |
| 1:39 | Create | Villager (Male) |
| 1:49 | Research | Loom |
| 2:19 | Build | Palisade Wall |
| 2:23 | Create | Villager (Male) |
| 2:44 | Create | Villager (Male) |
| 2:44 | Create | Villager (Male) |
| 3:25 | Create | Villager (Male) |
| 3:25 | Create | Villager (Male) |
| 4:02 | Build | Palisade Wall |
| 4:10 | Create | Villager (Male) |
| 4:10 | Create | Villager (Male) |
| 4:45 | Create | Villager (Male) |
| 4:45 | Create | Villager (Male) |
| 4:54 | Build | Palisade Wall |
| 5:01 | Build | House |
| 5:03 | Create | Villager (Male) |
| 5:03 | Create | Villager (Male) |
| 5:18 | Build | House |
| 5:37 | Build | Mill |
| 5:57 | Create | Villager (Male) |
| 5:57 | Create | Villager (Male) |
| 6:04 | Create | Villager (Male) |
| 6:04 | Create | Villager (Male) |
| 6:56 | Create | Villager (Male) |
| 6:56 | Create | Villager (Male) |
| 7:45 | Create | Villager (Male) |
| 7:52 | Build | Lumber Camp |
| 8:29 | Create | Villager (Male) |
| 8:30 | Create | Villager (Male) |
| 8:30 | Create | Villager (Male) |
| 9:25 | Build | Mill |
| 9:27 | Create | Villager (Male) |
| 9:32 | Build | House |
| 9:59 | Build | House |
| 10:02 | Research | Feudal Age |
| 10:10 | Create | Villager (Male) |
| 10:33 | Build | House |
| 11:04 | Build | House |
| 11:45 | Build | Mill |
| 12:13 | Age | Feudal Age |
| 12:22 | Create | Villager (Male) |
| 12:34 | Create | Villager (Male) |
| 13:15 | Create | Villager (Male) |
| 14:01 | Build | Blacksmith |
| 14:04 | Create | Villager (Male) |
| 14:06 | Create | Villager (Male) |
| 14:51 | Create | Villager (Male) |
| 15:01 | Build | Mining Camp |
| 15:24 | Create | Villager (Male) |
| 15:26 | Create | Villager (Male) |
| 15:27 | Create | Villager (Male) |
| 15:27 | Create | Villager (Male) |
| 16:02 | Build | Market |
| 17:05 | Research | Castle Age |
| 18:06 | Research | Double-Bit Axe |
| 18:17 | Research | Horse Collar |
| 19:37 | Build | Mining Camp |
| 19:40 | Create | Villager (Male) |
| 19:40 | Create | Villager (Male) |
| 19:40 | Create | Villager (Male) |
| 19:45 | Age | Castle Age |
| 19:56 | Build | Town Center |
| 20:05 | Create | Villager (Male) |
| 20:20 | Build | Castle |
| 20:23 | Create | Villager (Male) |
| 20:51 | Build | Town Center |
| 20:56 | Create | Villager (Male) |
| 21:35 | Build | Town Center |
| 21:38 | Create | Villager (Male) |
| 21:58 | Create | Villager (Male) |
| 21:59 | Create | Villager (Male) |
| 21:59 | Create | Villager (Male) |
| 22:18 | Build | Farm |
| 22:28 | Build | Farm |
| 22:58 | Build | Farm |
| 23:19 | Build | Farm |
| 23:28 | Build | Farm |
| 23:29 | Build | Farm |
| 23:32 | Build | Farm |
| 23:33 | Build | Farm |
| 23:35 | Build | Farm |
| 23:36 | Build | Farm |
| 23:37 | Build | Farm |
| 23:39 | Build | Farm |
| 23:45 | Build | Farm |
| 23:46 | Build | Farm |
| 23:47 | Build | Farm |
| 23:48 | Build | Farm |
| 23:50 | Build | Farm |
| 23:53 | Build | Farm |
| 23:54 | Build | Farm |
| 23:55 | Build | Farm |
| 24:03 | Create | Villager (Male) |
| 24:32 | Build | Farm |
| 24:33 | Create | Villager (Male) |
| 24:34 | Create | Villager (Male) |
| 24:41 | Create | Villager (Male) |
| 24:41 | Create | Villager (Male) |
| 24:42 | Create | Villager (Male) |
| 25:11 | Build | Farm |
| 25:18 | Build | Farm |
| 25:20 | Build | Farm |
| 25:24 | Build | Farm |
| 25:27 | Create | Villager (Male) |
| 25:27 | Create | Villager (Male) |
| 25:28 | Create | Villager (Male) |
| 25:37 | Build | Farm |
| 25:38 | Create | Villager (Male) |
| 25:38 | Create | Villager (Male) |
| 25:39 | Create | Villager (Male) |
| 25:40 | Create | Villager (Male) |
| 25:42 | Create | Villager (Male) |
| 25:43 | Create | Villager (Male) |
| 25:48 | Create | Villager (Male) |
| 25:48 | Create | Villager (Male) |
| 25:48 | Create | Villager (Male) |
| 25:49 | Create | Villager (Male) |
| 25:56 | Build | Farm |
| 25:58 | Build | Farm |
| 26:05 | Build | Farm |
| 26:11 | Build | Farm |
| 26:12 | Create | Villager (Male) |
| 26:14 | Create | Villager (Male) |
| 26:15 | Create | Villager (Male) |
| 26:16 | Create | Villager (Male) |
| 26:26 | Build | House |
| 26:27 | Build | House |
| 26:28 | Build | House |
| 26:35 | Build | Farm |
| 26:36 | Build | Farm |
| 26:37 | Build | Farm |
| 26:40 | Create | Villager (Male) |
| 26:40 | Create | Villager (Male) |
| 26:40 | Create | Villager (Male) |
| 26:44 | Build | Farm |
| 27:06 | Create | Villager (Male) |
| 27:06 | Create | Villager (Male) |
| 27:07 | Create | Villager (Male) |
| 27:07 | Create | Villager (Male) |
| 27:07 | Create | Villager (Male) |
| 27:08 | Create | Villager (Male) |
| 27:08 | Create | Villager (Male) |
Match timeline
| 0:33 | Bon Clay · wall_segment Palisade Wall x11 |
| 0:41 | Emporio Ivankov · wall_segment Palisade Wall x10 |
| 1:03 | Emporio Ivankov · wall_segment Palisade Wall x8 |
| 1:04 | emerson005588 · wall_segment Palisade Wall x10 |
| 1:28 | BellBoi · wall_segment Palisade Wall x13 |
| 1:53 | BellBoi · wall_segment Palisade Wall x3 |
| 2:06 | Ryoga · wall_segment Palisade Wall x16 |
| 2:17 | Emporio Ivankov · wall_segment Palisade Wall x13 |
| 2:19 | eduardolure · wall_segment Palisade Wall x12 |
| 2:28 | Ryoga · wall_segment Palisade Wall x16 |
| 2:53 | vgsh121082 · wall_segment Palisade Wall x6 |
| 3:14 | Bon Clay · wall_segment Palisade Wall x6 |
| 4:02 | eduardolure · wall_segment Palisade Wall x6 |
| 4:03 | Ryoga · wall_segment Palisade Wall x4 |
| 4:54 | eduardolure · wall_segment Palisade Wall x7 |
| 12:13 | eduardolure · age_up feudal |
| 12:43 | Bon Clay · age_up feudal |
| 12:50 | Ryoga · age_up feudal |
| 12:52 | Patheris · age_up feudal |
| 13:24 | vgsh121082 · age_up feudal |
| 13:37 | BellBoi · wall_segment Palisade Wall x7 |
| 14:04 | vgsh121082 · wall_segment Stone Wall x12 |
| 14:05 | Emporio Ivankov · age_up feudal |
| 14:26 | vgsh121082 · wall_segment Stone Wall x6 |
| 14:28 | Bon Clay · first_market_sell 100 food |
| 14:44 | emerson005588 · age_up feudal |
| 15:29 | vgsh121082 · wall_segment Stone Wall x13 |
| 15:50 | vgsh121082 · wall_segment Stone Wall x5 |
| 16:16 | emerson005588 · first_market_buy 100 wood |
| 16:17 | BellBoi · age_up feudal |
| 16:42 | emerson005588 · wall_segment Stone Wall x6 |
| 16:44 | Patheris · age_up castle |
| 16:47 | emerson005588 · wall_segment Stone Wall x8 |
| 16:56 | eduardolure · first_market_sell 100 stone |
| 17:15 | Bon Clay · age_up castle |
| 17:33 | Emporio Ivankov · wall_segment Stone Wall x11 |
| 17:45 | emerson005588 · first_market_sell 100 wood |
| 18:58 | emerson005588 · wall_segment Stone Wall x1 |
| 19:31 | emerson005588 · wall_segment Stone Wall x4 |
| 19:41 | Ryoga · age_up castle |
| 19:41 | Bon Clay · wall_segment Stone Wall x14 |
| 19:45 | eduardolure · age_up castle |
| 19:46 | emerson005588 · wall_segment Stone Wall x3 |
| 19:52 | emerson005588 · wall_segment Stone Wall x6 |
| 20:20 | eduardolure · first_building Castle |
| 20:28 | vgsh121082 · wall_segment Stone Wall x17 |
| 20:33 | vgsh121082 · wall_segment Stone Wall x6 |
| 20:33 | Emporio Ivankov · wall_segment Stone Wall x7 |
| 20:41 | Emporio Ivankov · wall_segment Stone Wall x2 |
| 20:54 | emerson005588 · age_up castle |
| 21:50 | BellBoi · wall_segment Stone Wall x7 |
| 21:57 | vgsh121082 · wall_segment Stone Wall x8 |
| 22:05 | BellBoi · wall_segment Stone Wall x13 |
| 22:08 | BellBoi · age_up castle |
| 22:31 | vgsh121082 · age_up castle |
| 22:35 | emerson005588 · first_building Monastery |
| 23:30 | Emporio Ivankov · age_up castle |
| 23:30 | Bon Clay · wall_segment Stone Wall x5 |
| 24:10 | Emporio Ivankov · first_building Barracks |
| 24:40 | eduardolure · first_market_buy 500 food |
| 25:03 | vgsh121082 · first_building Castle |
| 25:40 | BellBoi · first_building Barracks |
| 26:18 | Emporio Ivankov · first_building Siege Workshop |
| 26:39 | Emporio Ivankov · wall_segment Stone Wall x2 |
| 26:41 | Patheris · first_building Castle |
| 26:47 | Emporio Ivankov · wall_segment Stone Wall x8 |
| 26:48 | BellBoi · first_building Archery Range |
| 26:49 | Emporio Ivankov · wall_segment Stone Wall x4 |
| 27:03 | Bon Clay · first_building Barracks |
| 27:44 | emerson005588 · first_building Krepost |
| 28:07 | Bon Clay · first_building Castle |
| 28:46 | vgsh121082 · first_building Siege Workshop |
| 29:08 | vgsh121082 · first_building Monastery |
| 29:15 | Emporio Ivankov · wall_segment Stone Wall x7 |
| 29:27 | Emporio Ivankov · wall_segment Stone Wall x6 |
| 29:32 | Emporio Ivankov · wall_segment Stone Wall x11 |
| 29:35 | Emporio Ivankov · wall_segment Stone Wall x4 |
| 29:40 | Emporio Ivankov · wall_segment Stone Wall x9 |
| 29:48 | Emporio Ivankov · wall_segment Stone Wall x6 |
| 29:52 | Bon Clay · first_building Archery Range |
| 29:59 | BellBoi · first_building Stable |
| 30:05 | Patheris · first_building Barracks |
| 30:12 | eduardolure · first_building Siege Workshop |
| 30:15 | vgsh121082 · age_up imperial |
| 30:24 | BellBoi · first_building Castle |
| 30:45 | vgsh121082 · first_building Barracks |
| 30:45 | Emporio Ivankov · first_building Archery Range |
| 31:51 | Patheris · first_building Stable |
| 32:51 | eduardolure · age_up imperial |
| 33:00 | Ryoga · first_building Castle |
| 33:20 | emerson005588 · first_building Siege Workshop |
| 33:23 | Patheris · age_up imperial |
| 33:39 | Patheris · first_building Monastery |
| 33:58 | emerson005588 · first_building Barracks |
| 34:25 | Bon Clay · age_up imperial |
| 36:12 | emerson005588 · first_building Archery Range |
| 37:02 | Patheris · first_building Siege Workshop |
| 37:19 | vgsh121082 · first_building Stable |
| 37:27 | eduardolure · wall_segment Stone Wall x7 |
| 37:38 | BellBoi · first_building Siege Workshop |
| 38:04 | Ryoga · age_up imperial |
| 38:10 | Patheris · first_building Archery Range |
| 38:49 | BellBoi · age_up imperial |
| 39:10 | Emporio Ivankov · age_up imperial |
| 39:59 | Emporio Ivankov · wall_segment Stone Wall x1 |
| 40:01 | eduardolure · first_building Barracks |
| 41:39 | emerson005588 · age_up imperial |
| 41:50 | Emporio Ivankov · first_market_sell 100 food |
| 42:46 | BellBoi · first_market_sell 100 wood |
| 44:00 | Bon Clay · first_building Siege Workshop |
| 45:34 | emerson005588 · first_building Castle |
| 48:54 | Emporio Ivankov · first_building Castle |
| 51:08 | Ryoga · first_building Barracks |
| 53:06 | BellBoi · first_market_buy 100 food |
| 55:30 | Bon Clay · wall_segment Stone Wall x17 |
| 57:23 | Patheris · wall_segment Stone Wall x5 |
| 57:34 | Patheris · wall_segment Stone Wall x5 |
| 58:48 | Patheris · wall_segment Stone Wall x2 |
| 58:56 | BellBoi · wall_segment Stone Wall x3 |
| 59:26 | Bon Clay · wall_segment Stone Wall x5 |
| 59:51 | eduardolure · wall_segment Stone Wall x7 |
| 60:16 | Patheris · wall_segment Stone Wall x6 |
| 60:48 | Bon Clay · wall_segment Stone Wall x5 |
| 60:59 | Bon Clay · wall_segment Stone Wall x19 |
| 61:32 | eduardolure · wall_segment Stone Wall x8 |
| 62:39 | BellBoi · wall_segment Stone Wall x15 |
| 62:51 | eduardolure · wall_segment Stone Wall x7 |
| 63:53 | Ryoga · first_building Stable |
| 65:11 | Patheris · tribute_sent a jugador 2 |
| 65:11 | Patheris · tribute_sent a jugador 3 |
| 65:11 | Patheris · tribute_sent a jugador 4 |
| 65:11 | Patheris · tribute_sent a jugador 5 |
| 65:11 | Patheris · tribute_sent a jugador 6 |
| 65:11 | Patheris · tribute_sent a jugador 7 |
| 65:11 | Patheris · tribute_sent a jugador 8 |
| 65:26 | vgsh121082 · tribute_sent a jugador 1 |
| 65:26 | vgsh121082 · tribute_sent a jugador 2 |
| 65:26 | vgsh121082 · tribute_sent a jugador 4 |
| 65:26 | vgsh121082 · tribute_sent a jugador 5 |
| 65:26 | vgsh121082 · tribute_sent a jugador 6 |
| 65:26 | vgsh121082 · tribute_sent a jugador 7 |
| 65:26 | vgsh121082 · tribute_sent a jugador 8 |
| 66:43 | Emporio Ivankov · wall_segment Stone Wall x1 |
| 71:03 | Emporio Ivankov · wall_segment Stone Wall x1 |
| 71:06 | Emporio Ivankov · wall_segment Stone Wall x13 |
| 71:10 | Emporio Ivankov · wall_segment Stone Wall x15 |
| 72:59 | emerson005588 · first_building Stable |
| 77:48 | eduardolure · resign |
[ AI ANALYSIS · 1 CREDIT ]
What really happened in this match?
Wolo.gg analyzes every decision: build order, eco, micro, common mistakes by bracket. Personalized analysis on WhatsApp or Discord in 30 seconds.
Civ guide
Poles
Map guide
Black Forest
Perfil
Patheris